 Dungeon Crawl Stone Soup version 0.28-a0-1506-g3893175d92 (webtiles) character file.

Game seed: 17761654937377622706

6 comborobin the Sneak (level 1, -8/18 HPs)
             Began as a Mummy Delver on Jan 14, 2022.
             Mangled by a scorpion (9 damage)
             ... on level 4 of the Dungeon.
             The game lasted 00:01:12 (381 turns).

comborobin the Sneak (Mummy Delver)                  Turns: 381, Time: 00:01:12

Health: -8/18      AC:  3    Str: 15    XL:     1   Next: 75%
Magic:  1/1        EV: 11    Int:  9    God:
Gold:   23         SH:  0    Dex: 13    Spells: 0/0 levels left

rFire   x . .      SeeInvis .   a - +0 mace
rCold   + . .      Faith    .   (no shield)
rNeg    + + +      Spirit   .   b - +0 leather armour
rPois   ∞          Reflect  .   (no helmet)
rElec   .          Harm     .   (no cloak)
rCorr   .          Rampage  .   (no gloves)
Will    .....                   (no boots)
Stlth   ++........              (no amulet)
HPRegen 0.06/turn               (no ring)
MPRegen 0.07/turn               (no ring)

@: no status effects
A: cold resistance 1, negative energy resistance 3, torment resistance 2, heat
vulnerability 1, no potions
a: no special abilities


You were on level 4 of the Dungeon.
You visited 1 branch of the dungeon, and saw 3 of its levels.

You collected 23 gold pieces.

Inventory:

Hand Weapons
 a - a +0 mace (weapon)
Armour
 b - a +0 leather armour (worn)
Jewellery
 g - a ring of willpower
Wands
 f - a wand of digging (3)
Scrolls
 c - a scroll of fog


   Skills:
 + Level 3.4 Fighting
 - Level 1.6 Maces & Flails
 - Level 1.5 Dodging
 - Level 4.1 Stealth


You couldn't memorise any spells.
You didn't know any spells.
Your spell library was empty.

Dungeon Overview and Level Annotations

Branches:
Dungeon (6/15)
 Temple: D:4-7

Altars:
Makhleb
Okawaru

Annotations:
D:5 exclusions: door and hound


Innate Abilities, Weirdness & Mutations

You are immune to poison.
Your flesh is cold resistant. (rC+)
You are immune to negative energy. (rN+++)
You are immune to unholy pain and torment.
You are vulnerable to heat. (rF-)
You do not drink.


Message History

The ball python constricts you.
You thump the ball python!
You kill the ball python!
No target in view!
No target in view!
No target in view!
You hear the slow hiss of an avalanche of sand very nearby.
HP restored.
A ball python comes into view.
Found 11 gold pieces.
A ball python is nearby!
A ball python is nearby!
A ball python is nearby!
Things that are here:
a +0 ring mail; 9 gold pieces You sock the ball python!
You kill the ball python!
A scorpion comes into view.
The scorpion barely misses you.
Okay, then.
You hit the scorpion.
The scorpion is moderately wounded.
The scorpion stings you! The scorpion closely misses you.
You barely miss the scorpion.
The scorpion is moderately wounded.
The scorpion misses you.
You closely miss the scorpion.
The scorpion is moderately wounded.
The scorpion barely misses you. The scorpion stings you!
* * * LOW HITPOINT WARNING * * *
You closely miss the scorpion.
The scorpion is moderately wounded.
The scorpion stings you.
* * * LOW HITPOINT WARNING * * *
You are too injured to fight recklessly!
You hit the scorpion but do no damage.
The scorpion is moderately wounded.
The scorpion stings you!
Ouch! That really hurt!
You die...

.#.#.#...............#
.#.#.###############.#######
...#.#
................######
...#.#
#########.##..........
...#.# #...................
.#.#.# #.#####.#........>..
.#.#.#.##
#.#.....#...........
........
#.#s##..#...........
.#.#.#.#
#.#@....#.###.......
...#+#.### #.#..#.##.#
#.######
.#.......#####.#..#....# ###
.#.......##.$........###
.#.......##...†......+
.#.......##...[......#
.#.......#####..######
.###.#....†.....#
....######...#.##


You could see a scorpion.

Vanquished Creatures
  A goblin (D:4)
  A kobold (D:4)
  A quokka (D:4)
  2 ball pythons (D:4)
5 creatures vanquished.

Notes
Turn   | Place    | Note
-------+----------+-------------------------------------------
     0 | D:5      | comborobin the Mummy Delver began the quest for the Orb.
     0 | D:5      | Reached XP level 1. HP: 18/18 MP: 1/1
     1 | D:6      | Noticed a hound
    19 | D:5      | Found a burning altar of Makhleb.
    19 | D:5      | Noticed a hound
    51 | D:5      | Noticed a water moccasin
    67 | D:5      | Found an iron altar of Okawaru.
   371 | D:4      | Noticed a scorpion
   381 | D:4      | Mangled by a scorpion

Illustrated notes

Levels and vault maps discovered:
D:4:      layout_basic, gup_ossuary_entry_pyramid
D:5:      layout_basic, okawaru_trees_2, mainiacjoe_overflow_alcove_2,
          makhleb_heckhound_becter
D:6:      layout_gridville, nicolae_qazlal_general_emergency,
          minmay_temple_entry_tees, minmay_misc_feat_tower, grunt_ministairs_9,
          st_stairs_2, uniq_eustachio

Action                   || total
-------------------------++-------
Melee: Mace              ||    15
  Use: Scroll            ||     2
Armor: Leather armour    ||     2
Dodge: Dodged            ||    10

Table legend: (Time is in decaauts)
 A = Elapsed time spent in this place.
 B = Non-inter-level travel time spent in this place.
 C = Inter-level travel time spent in this place.
 D = Time resting spent in this place.
 E = Time spent auto-exploring this place.
 F = Levels seen in this place.
 G = Mean time per level.
                   A        B        C        D        E       F      G
               +--------+--------+--------+--------+--------+-----+--------+
         Total |    387 |    317 |     70 |     50 |     91 |   3 |  129.0 |
       Dungeon |    387 |    317 |     70 |     50 |     91 |   3 |  129.0 |
               +--------+--------+--------+--------+--------+-----+--------+

Top non-repeatable levels by time:
     D:4: 211 daAuts
     D:5: 174 daAuts
     D:6: 1 daAuts
